 Dungeon Crawl Stone Soup version 0.27-a0-1184-ge86db4a01e (webtiles) character file.

Game seed: 6953032437263520121

110 rjrrt the Magician (level 4, 0/24 HPs)
             Began as a Deep Elf Fire Elementalist on May 18, 2021.
             Slain by Grinder (6 damage)
             ... on level 3 of the Dungeon.
             The game lasted 00:07:45 (2256 turns).

rjrrt the Magician (Deep Elf Fire Elementalist)     Turns: 2256, Time: 00:07:46

Health: 0/24       AC:  2    Str:  5    XL:     4   Next: 61%
Magic:  5/12       EV: 12    Int: 21    God:
Gold:   1035       SH:  0    Dex: 15    Spells: 3/11 levels left

rFire    + . .     SeeInvis .   a - +0 dagger (protect)
rCold    + + .     Faith    .   (no shield)
rNeg     . . .     Spirit   .   f - +0 robe {rC+ rF+}
rPois    .         Reflect  .   (no helmet)
rElec    .         Harm     .   (no cloak)
rCorr    .         Rampage  .   (no gloves)
Will     .....                  (no boots)
Stlth    ++........             (no amulet)
HPRegen  0.08/turn              d - ring of protection from cold
MPRegen  0.13/turn              (no ring)

@: no status effects
A: no striking features
a: no special abilities


You were on level 3 of the Dungeon.
You visited 1 branch of the dungeon, and saw 3 of its levels.

You collected 1035 gold pieces.

Inventory:

Hand Weapons
 a - a +0 dagger of protection (weapon)
 h - a +2 short sword of holy wrath
 j - a +0 trident
Missiles
 i - 14 poisoned darts (quivered)
Armour
 f - a +0 robe of resistance (worn)
Jewellery
 d - a ring of protection from cold (left hand)
Potions
 b - a potion of resistance {unknown}
 c - a potion of heal wounds {unknown}
 e - a potion of curing
 g - a potion of degeneration {unknown}
 k - a potion of lignification {unknown}
 l - a potion of cancellation {unknown}


   Skills:
 - Level 2.4 Dodging
 - Level 2.4 Stealth
 + Level 4.2 Spellcasting
 * Level 3.5 Conjurations
 + Level 4.1 Fire Magic


You had 3 spell levels left.
You knew the following spells:

 Your Spells              Type           Power      Damage    Failure   Level
a - Foxfire               Conj/Fire      80%        2x1d8     2%          1
c - Sticky Flame          Conj/Fire      20%        2d4       24%         4
B - Conjure Flame         Conj/Fire      20%        6-21      8%          3

Your spell library contained the following spells:

 Spells                   Type           Power      Damage    Failure   Level
 Inner Flame              Hex/Fire       13%        N/A       16%         3
 Fireball                 Conj/Fire      10%        3d6       56%         5


Dungeon Overview and Level Annotations

Branches:
Dungeon (3/15)

Altars:

Annotations:
D:3 Grinder


Message History

Casting: Foxfire (safe; 2% risk of failure)
Confirm with . or Enter, or press ? or * to list all spells.
You conjure some foxfire!
Grinder blinks!
Your magical contamination has completely faded away.
Found a scroll labelled ZAZUSH TOFOTU.
You see here a scroll labelled ZAZUSH TOFOTU.
Grinder drinks a potion.
Grinder is healed!
Grinder gestures at you.
You suddenly lose the ability to move!
Grinder blinks!
Grinder gestures at you. Pain shoots through your body!
You can move again.
Unknown command.
Casting: Foxfire (safe; 2% risk of failure)
Confirm with . or Enter, or press ? or * to list all spells.
You conjure some foxfire!
The foxfire hits Grinder!
Grinder is severely wounded.
The foxfire hits Grinder.
Grinder is severely wounded.
Grinder gestures at you. Pain shoots through your body!
Ouch! That really hurt!
* * * LOW HITPOINT WARNING * * *
Unknown command.
Casting: Foxfire (safe; 2% risk of failure)
Confirm with . or Enter, or press ? or * to list all spells.
You conjure some foxfire!
The foxfire hits Grinder.
Grinder is almost dead.
You closely miss Grinder.
Grinder is almost dead.
The foxfire hits Grinder.
Grinder is almost dead.
Unknown command.
Unknown command.
Casting: Foxfire (safe; 2% risk of failure)
Confirm with . or Enter, or press ? or * to list all spells.
You conjure some foxfire!
Grinder hits you.
You die...

........†...)...##.#.#.#.#..##.#
######..#.#.#.#.............##.#
#...........#.#.#.#.#...#.#.
#..#.#.#.#..#.........#.....
#...........#.#.#.#.#...#.##
#..#.#.#.#..#..........##.#
#...........###.#####.....#
##.#.#.#.#v5##..### ####..#
#.........@v.....# ..#
########.§.#####.# #..# #####
#.# .# #.# # #.# #.# ####.#
≈.### #....# ≈....#######
##.##.#


You could see Grinder (ally target).

Vanquished Creatures
  4 adders
  A dart slug (D:1)
  An orc (D:3)
  4 endoplasms
  2 giant cockroaches (D:1)
  4 goblins
  3 hobgoblins
  15 jackals
  4 kobolds (D:1)
  5 quokkas (D:1)
  5 ball pythons
  9 bats
  2 frilled lizards (D:1)
  4 rats
63 creatures vanquished.

Vanquished Creatures (others)
  160 foxfires
160 creatures vanquished.

Grand Total: 223 creatures vanquished

Notes
Turn   | Place    | Note
-------+----------+-------------------------------------------
     0 | D:1      | rjrrt the Deep Elf Fire Elementalist began the quest for
                  | the Orb.
     0 | D:1      | Reached XP level 1. HP: 10/10 MP: 6/6
   376 | D:1      | Reached XP level 2. HP: 15/15 MP: 5/8
   790 | D:1      | Reached XP level 3. HP: 19/19 MP: 6/10
   794 | D:1      | Learned a level 3 spell: Conjure Flame
  1466 | D:2      | Reached XP level 4. HP: 24/24 MP: 8/11
  1502 | D:2      | Learned a level 4 spell: Sticky Flame
  1983 | D:2      | Identified a scroll of acquirement
  1983 | D:2      | Acquired 960 gold pieces
  2187 | D:3      | Noticed Grinder
  2245 | D:3      | Paralysed by Grinder for 7 turns
  2256 | D:3      | Slain by Grinder

Illustrated notes

Levels and vault maps discovered:
D:1:      dpeg_arrival_rooms_a, layout_loops_ring
D:2:      layout_basic
D:3:      layout_loops_ring, general_overflow_altar, overflow_temple_1_default,
          serial_glass, glass_columns_a, glass_columns_a, glass_columns_b,
          glass_columns_c, glass_columns_a, glass_columns_b, glass_columns_c,
          glass_columns_c, glass_columns_b, glass_columns_a, glass_columns_a,
          glass_columns_a, glass_columns_b, glass_columns_a,
          ebering_ecumenical_altar_webs, nrook_campfire, uniq_grinder

Skill      XL: |  1  2  3  4 |
---------------+-------------+-----
Conjurations   | 2 3 |  3.5
Spellcasting   | 4 |  4.2
Fire Magic     | 4 |  4.1
Dodging        | |  2.4
Stealth        | |  2.4

Action                   |  1- 3 |  4- 6 || total
-------------------------+-------+-------++-------
Melee: Dagger            |    22 |     2 ||    24
 Cast: Foxfire           |    78 |    34 ||   112
  Use: Scroll            |       |     3 ||     3
Armor: Robe              |    12 |       ||    12
Dodge: Dodged            |    37 |     3 ||    40

Table legend: (Time is in decaauts)
 A = Elapsed time spent in this place.
 B = Non-inter-level travel time spent in this place.
 C = Inter-level travel time spent in this place.
 D = Time resting spent in this place.
 E = Time spent auto-exploring this place.
 F = Levels seen in this place.
 G = Mean time per level.
                   A        B        C        D        E       F      G
               +--------+--------+--------+--------+--------+-----+--------+
         Total |   2254 |   2217 |     37 |    177 |   1389 |   3 |  751.3 |
       Dungeon |   2254 |   2217 |     37 |    177 |   1389 |   3 |  751.3 |
               +--------+--------+--------+--------+--------+-----+--------+

Top non-repeatable levels by time:
     D:1: 1251 daAuts
     D:2: 760 daAuts
     D:3: 242 daAuts
